Map: Catalyst LE

Players

LoveMe (HateMe)

  • Race: Zerg Zerg
  • League: Master
  • Spawn Location: 5:00

RiSky - Winner!

  • Race: Zerg Zerg
  • League: Master
  • Spawn Location: 11:00

VOD

Have the link to the VOD?

Description

Time

  • Played on: Nov. 19, 2017, 1:27 p.m.
  • Length: 12:13
Show
View Real Time Build Order
Export as new Build Order

LoveMe Zerg 

Build Orders: Hatch First, Lurkers 

Get SALT Encoding   

  12  0:01  Drone  
  13  0:13  Overlord  
  13  0:17  Drone  
  14  0:31  Drone x2  
  16  0:36  Drone  
  17  0:52  Hatchery  
  17  0:54  Drone  
  17  0:58  Drone  
  18  1:08  Extractor  
  17  1:13  Spawning Pool  
  17  1:16  Drone  
  17  1:20  Drone  
  18  1:28  Drone  
  19  1:39  Overlord  
  19  1:55  Drone  
  19  2:00  Queen  
  22  2:02  Zergling x2  
  22  2:03  Queen  
  22  2:04  Zergling x2  
  26  2:12  Drone  
  26  2:13  Metabolic Boost  
  26  2:15  Drone  
  28  2:22  Drone  
  29  2:25  Drone  
  30  2:38  Hatchery  
  30  2:39  Drone  
  30  2:43  Drone  
  31  2:48  Baneling Nest  
  31  2:49  Drone  
  31  3:02  Overlord  
  31  3:04  Zergling x4  
  33  3:09  Zergling x2  
  33  3:11  Drone  
  33  3:12  Drone  
  36  3:15  Overlord  
  36  3:21  Drone x2  
  36  3:22  Drone x2  
  39  3:28  Zergling x2  
  39  3:32  Baneling x2  
  40  3:34  Drone x2  
  42  3:41  Drone  
  42  3:42  Drone x3  
  42  3:47  Evolution Chamber, Drone x2  
  47  3:54  Drone x3  
  50  3:59  Overlord  
  50  4:02  Extractor, Queen  
  49  4:06  Drone x2  
  49  4:08  Zergling x2  
  49  4:09  Zergling x2  
  54  4:16  Zerg Missile Weapons Level 1  
  54  4:22  Overlord  
  54  4:23  Drone x4  
  58  4:29  Drone x5  
  63  4:34  Lair  
  63  4:36  Baneling x2  
  63  4:37  Baneling  
  63  4:43  Roach Warren  
  62  4:49  Overlord  
  62  4:50  Drone x5  
  62  4:51  Drone  
  68  4:53  Drone  
  68  4:56  Drone  
  68  4:57  Drone x2  
  68  4:59  Drone x2  
  72  5:12  Extractor x2  
  68  5:14  Extractor x2  
  66  5:23  Overlord  
  66  5:24  Overlord  
  66  5:26  Roach x4  
  66  5:27  Roach x4  
  82  5:29  Overlord x2  
  82  5:32  Glial Reconstitution  
  82  5:35  Overseer  
  82  5:42  Overlord  
  82  5:49  Drone  
  83  5:50  Drone x8  
  83  5:52  Hatchery  
  90  5:57  Hydralisk Den  
  90  6:00  Evolution Chamber  
  90  6:01  Pneumatized Carapace  
  88  6:04  Drone  
  88  6:05  Drone x4  
  93  6:16  Zerg Missile Weapons Level 2  
  88  6:34  Lurker Den  
  82  6:41  Overlord x3  
  82  6:42  Roach  
  82  6:43  Roach x10  
  82  6:45  Roach x2  
  100  6:54  Roach, Zerg Ground Armor Level 1  
  100  6:55  Roach x2, Extractor  
  100  6:57  Roach  
  100  6:58  Roach  
  100  6:59  Extractor  
  108  7:01  Spine Crawler  
  108  7:02  Roach  
  108  7:04  Roach x3  
  115  7:09  Roach x3  
  115  7:10  Roach  
  115  7:14  Overlord x2  
  123  7:16  Roach  
  123  7:18  Roach  
  123  7:21  Roach x2  
  131  7:24  Roach  
  131  7:27  Roach  
  131  7:28  Roach  
  127  7:31  Roach  
  127  7:32  Roach x2  
  125  7:39  Muscular Augments  
  125  7:41  Drone x3  
  125  7:43  Drone  
  125  7:44  Drone x2  
  131  7:45  Hydralisk  
  131  7:51  Hydralisk x2  
  133  7:56  Ravager  
  133  7:57  Overlord  
  138  7:59  Ravager x3  
  138  8:00  Hydralisk x2  
  138  8:01  Hydralisk  
  138  8:03  Hydralisk  
  149  8:10  Queen  
  149  8:12  Overlord x2  
  151  8:13  Overlord  
  151  8:21  Lurker x2  
  151  8:23  Overlord x2  
  151  8:24  Lurker  
  151  8:26  Lurker  
  155  8:30  Lurker  
  156  8:49  Lurker  
  156  8:50  Lurker, Zerg Ground Armor Level 2  
  158  8:57  Hydralisk x3  
  164  9:05  Roach  
  164  9:06  Roach x8  
  182  9:16  Hydralisk x4  
  190  9:21  Overseer  
  190  9:22  Overseer  
  156  9:39  Roach x15  
  156  9:40  Roach x2  
  190  9:46  Lurker  
  190  9:49  Lurker  
  192  9:54  Overlord  
  192  10:06  Drone x5  
  192  10:07  Infestation Pit  
  196  10:11  Hatchery  
  196  10:14  Spine Crawler  
  194  10:15  Spine Crawler  
  194  10:19  Spine Crawler, Spore Crawler, Drone x4  
  194  10:20  Drone  
  196  10:24  Overseer  
  196  10:32  Queen  
  198  10:47  Roach x5  
  195  10:56  Lurker x5  
  186  11:28  Hydralisk x10  
  187  11:38  Roach x12  
  187  11:39  Roach x2  
  200  11:42  Overseer  
  200  11:45  Hydralisk  
  200  11:48  Hydralisk x3  
  200  11:53  Overseer  
  188  11:56  Lurker x3  
  157  12:12  Unknown x7  
Show
View Real Time Build Order
Export as new Build Order

RiSky Zerg - Winner!

Build Orders: Hatch First, Lurkers 

Get SALT Encoding   

  12  0:00  Drone  
  13  0:12  Overlord  
  13  0:17  Drone  
  14  0:30  Drone x2  
  14  0:34  Drone  
  17  0:52  Hatchery  
  17  0:55  Drone  
  17  0:58  Drone  
  17  1:00  Extractor  
  17  1:14  Spawning Pool  
  17  1:17  Drone  
  17  1:20  Drone  
  18  1:28  Drone  
  19  1:38  Overlord  
  19  1:49  Drone  
  20  2:00  Queen  
  20  2:01  Zergling x2  
  23  2:02  Metabolic Boost  
  23  2:05  Queen  
  23  2:08  Drone  
  26  2:11  Drone  
  27  2:16  Drone  
  27  2:21  Drone  
  29  2:26  Zergling x2  
  30  2:32  Drone  
  31  2:38  Hatchery  
  31  2:42  Drone  
  31  2:46  Overlord  
  31  2:48  Drone  
  32  2:54  Zergling x2  
  32  2:57  Baneling Nest  
  32  3:00  Drone  
  33  3:06  Drone  
  33  3:10  Drone x3  
  33  3:11  Drone  
  38  3:13  Overlord  
  38  3:16  Drone  
  38  3:17  Drone  
  40  3:22  Drone  
  41  3:28  Queen  
  41  3:30  Drone  
  44  3:34  Drone  
  44  3:35  Drone  
  46  3:41  Zergling x2  
  46  3:44  Drone x2  
  46  3:46  Drone  
  50  3:50  Drone  
  50  3:52  Drone  
  50  3:54  Evolution Chamber, Drone  
  52  3:58  Drone x3  
  52  4:01  Drone  
  56  4:05  Drone  
  56  4:07  Extractor  
  56  4:08  Extractor, Drone  
  56  4:09  Drone  
  57  4:11  Baneling x2, Roach Warren  
  57  4:13  Zergling x2  
  57  4:17  Overlord  
  57  4:19  Drone  
  58  4:24  Zerg Missile Weapons Level 1  
  58  4:27  Overlord  
  58  4:35  Queen, Drone x2  
  62  4:38  Drone  
  62  4:39  Drone  
  62  4:40  Drone  
  65  4:48  Drone x2  
  65  4:49  Lair, Drone  
  65  4:50  Overlord  
  65  4:51  Drone x3  
  71  4:53  Overlord  
  71  4:54  Drone x2  
  71  4:56  Drone  
  71  4:59  Drone  
  63  5:08  Drone  
  63  5:13  Drone x2  
  65  5:15  Extractor  
  65  5:16  Extractor, Drone  
  65  5:17  Drone  
  65  5:19  Drone  
  65  5:21  Overlord  
  66  5:23  Drone x2  
  66  5:24  Drone x2  
  66  5:26  Drone x2  
  72  5:29  Drone x2  
  74  5:36  Drone, Hatchery  
  74  5:37  Extractor  
  74  5:39  Drone  
  74  5:40  Overlord  
  74  5:43  Drone  
  74  5:44  Drone x2  
  74  5:49  Pneumatized Carapace  
  77  5:50  Drone  
  77  5:51  Hydralisk Den, Drone x2  
  77  5:53  Overlord  
  79  5:57  Roach x4  
  79  6:00  Roach  
  79  6:03  Roach  
  91  6:09  Roach x2, Glial Reconstitution  
  95  6:14  Roach x3  
  95  6:16  Roach x3  
  108  6:18  Roach  
  108  6:20  Roach  
  108  6:21  Roach  
  110  6:26  Roach x2  
  108  6:33  Roach x3  
  108  6:36  Drone  
  108  6:37  Drone  
  106  6:40  Drone  
  106  6:42  Overlord  
  106  6:44  Queen  
  107  6:48  Drone x2  
  107  6:51  Overlord, Drone  
  107  6:52  Muscular Augments, Drone  
  111  6:57  Overlord  
  111  7:05  Hydralisk  
  111  7:06  Hydralisk x3  
  111  7:07  Zerg Missile Weapons Level 2  
  119  7:12  Overlord x3  
  119  7:17  Overlord  
  119  7:24  Hydralisk x3  
  119  7:25  Hydralisk  
  119  7:29  Hydralisk x2  
  115  7:30  Hydralisk  
  115  7:34  Hydralisk  
  115  7:35  Hydralisk x2  
  119  7:38  Roach x2  
  119  7:39  Roach x2  
  119  7:41  Roach  
  121  7:45  Roach  
  121  7:46  Roach x2  
  127  7:52  Infestation Pit, Roach x2  
  127  7:55  Ravager x2, Lurker Den  
  127  7:57  Overseer  
  129  8:00  Drone x4  
  129  8:01  Drone  
  129  8:03  Drone  
  129  8:04  Drone  
  136  8:08  Overlord  
  136  8:13  Overseer  
  136  8:15  Drone x2  
  136  8:16  Overlord  
  138  8:29  Hive  
  138  8:30  Roach x10  
  158  8:35  Overlord  
  158  8:36  Extractor  
  158  8:37  Extractor  
  158  8:38  Hydralisk x2  
  160  8:41  Hydralisk  
  160  8:42  Hydralisk  
  160  8:48  Hydralisk x3  
  164  8:52  Overlord  
  170  8:56  Overlord  
  170  9:00  Overseer x2  
  170  9:04  Overlord  
  170  9:09  Overlord  
  170  9:22  Overlord x2  
  170  9:28  Roach x12  
  180  9:43  Adaptive Talons  
  181  9:45  Lurker  
  181  9:46  Lurker x4  
  181  9:52  Spine Crawler  
  184  9:53  Spine Crawler x2  
  184  9:59  Lurker  
  185  10:00  Lurker x2  
  185  10:05  Hatchery  
  200  10:16  Lurker x2  
  200  10:17  Lurker x2  
  188  10:22  Unknown  
  188  10:33  Hydralisk  
  196  10:37  Lurker x4  
  172  10:50  Hydralisk  
  172  10:51  Hydralisk x5  
  184  11:11  Extractor  
  174  11:21  Roach  
  174  11:22  Roach x9  
  194  11:30  Roach x3  
  183  11:42  Roach x4  
  183  11:43  Roach x4  
Tags
 
Add a new tag
Caveats
  • Supply blocks, unpowered buildings, or Contaminate may cause inaccurate times.
  • Supply counts are checked every 10 seconds.